 Dungeon Crawl Stone Soup version 0.18.1-48-g4cf74bf (webtiles) character file.

35 Tharyn the Scratcher (level 3, -2/15 HPs)
             Began as a Felid Transmuter on Aug 24, 2016.
             Slain by a worm (9 damage)
             ... on level 1 of the Dungeon.
             The game lasted 00:15:20 (1218 turns).

Tharyn the Scratcher (Felid Transmuter)             Turns: 1218, Time: 00:15:21

Health: -2/15      AC:  1    Str:  6    XL:     3   Next: 17%
Magic:  7/7        EV: 17    Int: 15    God:
Gold:   0          SH:  0    Dex: 12    Spells: 3 memorised, 0 levels left
                                        Lives:  0   Deaths: 0

rFire  + . .     SeeInvis +       - Unarmed
rCold  x . .     Gourm    .     (armour unavailable)
rNeg   . . .     Faith    .     (shield unavailable)
rPois  .         Spirit   .     (helmet unavailable)
rElec  .         Dismiss  .     (cloak unavailable)
rCorr  .         Reflect  .     (gloves unavailable)
SustAt .         Harm     .     (boots unavailable)
MR     .....                    (no amulet)
Stlth  ++........               (no ring)
                                f - ring of fire

@: appendage (expiring), drained, quick, not resistant to hostile enchantments,
unstealthy
A: no armour, no weapons or thrown items, claws 1, fangs 3, horns 2, see
invisible, blink, carnivore 3, clumsy 2, speed 1, shaggy fur 1, slow metabolism
1, sharp paws
a: End Transformation, Blink


You were on level 1 of the Dungeon.
You were not hungry.
You had grown temporary horns.
You visited 1 branch of the dungeon, and saw 1 of its levels.

Inventory:

Missiles
 a - 10 arrows
Jewellery
 f - a ring of fire (left paw)
Scrolls
 d - a scroll of teleportation
Books
 b - a book of Changes

   Spells                             Type                      Level
   a - Beastly Appendage              Transmutation                1
   b - Sticks to Snakes               Transmutation                2
   c - Spider Form                    Transmutation/Poison         3
   d - Ice Form                       Ice/Transmutation            4
   e - Blade Hands                    Transmutation                5
Comestibles
 c - a meat ration


   Skills:
 + Level 1.1(0.9) Fighting
 + Level 3.0(2.8) Dodging
 * Level 1.7(1.5) Stealth
 + Level 3.6(3.4) Unarmed Combat
 + Level 2.0(1.9) Spellcasting
 + Level 2.5(2.4) Transmutations


You couldn't memorise any spells.
You knew the following spells:

 Your Spells              Type           Power        Failure   Level  Hunger
a - Beastly Appendage     Trmt           #.....       12%         1    ##.....
b - Sticks to Snakes      Trmt           #.......     14%         2    ###....
c - Spider Form           Trmt/Pois      #.........   43%         3    ####...


Dungeon Overview and Level Annotations

Branches:
Dungeon (1/15)

Altars:


Innate Abilities, Weirdness & Mutations

You cannot wear armour.
You are incapable of wielding weapons or throwing items.
You have sharp claws.
You have razor-sharp teeth.
You have supernaturally acute eyesight.
You are carnivorous and can eat meat at any time.
You cover ground quickly.
You are covered in fur (AC +1).
You have a slow metabolism.
Your sharp claws are effective at attacking unaware monsters.
You have a pair of horns on your head.
You can translocate small distances at will.
You are very clumsy. (Dex -4)


Message History

You closely miss the jackal. The jackal bites you. x2
The jackal barely misses you. x2
You scratch the jackal.
You kill the jackal!
The jackal barely misses you.
You miss the jackal. The jackal barely misses you.
You closely miss the jackal. The jackal misses you.
You miss the jackal. Your claw misses the jackal. The jackal barely misses you.
The jackal bites you.
You scratch the jackal. You headbutt the jackal.
You kill the jackal!
You see here a jackal corpse.
You scratch the worm. You bite the worm.
The worm is heavily wounded.
You scratch the worm.
The worm is severely wounded.
Your transformation is almost over.
The worm bites you!
Ouch! That really hurt!
You die...

## #......#.###.##########
.##
####..###....#............
#.## #.....#
####...###########
##.#####.###.# ##.##
##.....(###.# #.#
##..).....(..# #.#
#.###..########### #.#
.###.### #>...hw†# #.#
#####..###.#####@# #.#
...####.# #.# #.#######
#####..## #.# #.......#
#.### # #.# #######.#
##..###.#####.# #.#
###.##.......# #.#
##..######.#### #.# #.###
#.# #.# ##..## #.######
#.#


You could see a worm and a jackal.

Vanquished Creatures
  An ooze (D:1)
  A dart slug (D:1)
  A ball python (D:1)
  A bat (D:1)
  4 hobgoblins (D:1)
  3 jackals (D:1)
  A quokka (D:1)
  A giant newt (D:1)
  3 goblins (D:1)
  5 kobolds (D:1)
  3 rats (D:1)
24 creatures vanquished.

Vanquished Creatures (collateral kills)
  2 goblins (D:1)
  A rat (D:1)
3 creatures vanquished.

Grand Total: 27 creatures vanquished

Notes
Turn   | Place    | Note
--------------------------------------------------------------
     0 | D:1      | Tharyn the Felid Transmuter began the quest for the Orb.
     0 | D:1      | Reached XP level 1. HP: 9/9 MP: 4/4
   382 | D:1      | Gained mutation: You are clumsy. (Dex -2) [potion of mutation]
   382 | D:1      | Gained mutation: You are very clumsy. (Dex -4) [potion of mutation]
   382 | D:1      | Gained mutation: You can translocate small distances at will. [potion of mutation]
   438 | D:1      | Reached XP level 2. HP: 10/12 MP: 4/6
   446 | D:1      | Learned a level 2 spell: Sticks to Snakes
   462 | D:1      | Reached skill level 1 in Stealth
   892 | D:1      | Reached XP level 3. HP: 11/15 MP: 7/7
   897 | D:1      | Learned a level 3 spell: Spider Form
  1218 | D:1      | Slain by a worm

Skill      XL: |  1  2 |
---------------+-------+-----
Stealth        | 1 |  1.7
Dodging        | 3 |  3.0
Fighting       | |  1.1
Unarmed Combat | |  3.6
Spellcasting   | |  2.0
Transmutations | |  2.5

Action                   || total
-------------------------++-------
Melee: Unarmed           ||    70
       Headbutt          ||     4
       Bite              ||     4
 Cast: Beastly Appendage ||    12
       Sticks to Snakes  ||     2
       Spider Form       ||     1
 Abil: Blink             ||     2
  Use: Potion            ||     3
       Scroll            ||     3
 Stab: Sleeping          ||     2
Armor: Skin              ||     4
Dodge: Dodged            ||    52
